 Dungeon Crawl Stone Soup version 0.18-a0-1507-g69458e0 (webtiles) character file.

755 Sargon the Destroyer (level 7, -3/36 HPs)
             Began as a Deep Elf Conjurer on Mar 6, 2016.
             Was an Initiate of Vehumet.
             Killed from afar by an orc wizard (7 damage)
             ... with a magic dart
             ... on level 5 of the Dungeon.
             The game lasted 00:28:08 (4859 turns).

Sargon the Destroyer (Deep Elf Conjurer)            Turns: 4859, Time: 00:28:08

Health: -3/36      AC:  2    Str:  7    XL:     7   Next: 49%
Magic:  18/19      EV: 13    Int: 20    God:    Vehumet [......]
Gold:   90         SH:  0    Dex: 15    Spells: 3 memorised, 11 levels left

rFire  + . .     SeeInvis .     (no weapon)
rCold  . . .     Gourm    .     a - +0 robe
rNeg   . . .     Faith    .     (no shield)
rPois  .         Spirit   .     (no helmet)
rElec  .         Dismiss  .     (no cloak)
rCorr  .         Reflect  .     (no gloves)
SustAt .         Harm     .     (no boots)
MR     .....                    (no amulet)
Stlth  ++........               (no ring)
                                t - ring of protection from fire

@: not resistant to hostile enchantments, unstealthy
A: no striking features
a: Renounce Religion


You were on level 5 of the Dungeon.
You worshipped Vehumet.
Vehumet was noncommittal.
You were not hungry.

You visited 1 branch of the dungeon, and saw 5 of its levels.

You collected 90 gold pieces.

Inventory:

Armour
 a - a +0 robe (worn)
Jewellery
 t - a ring of protection from fire (left hand)
Wands
 x - a wand of paralysis (10/24)
 y - a wand of disintegration (12/24)
Scrolls
 d - 8 scrolls of identify
 g - 2 scrolls of magic mapping {unknown}
 h - 4 scrolls of remove curse {unknown}
 j - a scroll of amnesia {unknown}
 l - a scroll of enchant weapon {unknown}
 m - a scroll of noise {unknown}
 v - a scroll of enchant armour {unknown}
 w - a scroll of immolation {unknown}
Potions
 e - 2 potions of lignification
 k - a potion of haste {unknown}
 n - a potion of experience {unknown}
 o - a potion of ambrosia {unknown}
 p - a potion of curing {unknown}
 q - a potion of brilliance {unknown}
 s - 2 potions of degeneration {unknown}
Books
 b - a book of Conjurations

   Spells                             Type                      Level
   a - Magic Dart                     Conjuration                  1
   b - Searing Ray                    Conjuration                  2
   c - Dazzling Spray                 Conjuration/Hexes            3
   d - Fulminant Prism                Conjuration/Hexes            4
   e - Iskenderun's Mystic Blast      Conjuration                  4
   f - Iskenderun's Battlesphere      Conjuration/Charms           5
 A - a book of Dreams

   Spells                             Type                      Level
   a - Ensorcelled Hibernation        Hexes/Ice                    2
   b - Silence                        Hexes/Air                    5
   c - Darkness                       Hexes                        6
   d - Shadow Creatures               Summoning                    6
Comestibles
 c - 5 bread rations
 f - a chunk of flesh
 u - a slice of pizza


   Skills:
 - Level 2.5 Dodging
 - Level 2.4 Stealth
 + Level 6.7 Spellcasting
 - Level 8.1 Conjurations
 * Level 4.2 Charms


You had 11 spell levels left.
You knew the following spells:

 Your Spells              Type           Power        Failure   Level  Hunger
a - Magic Dart            Conj           ####         1%          1    None
b - Searing Ray           Conj           #####.       1%          2    None
c - Iskenderun's Battles  Conj/Chrm      ####....     24%         5    #####..


Dungeon Overview and Level Annotations

Branches:
Dungeon (5/15)
 Temple: D:4-7

Altars:
Dithmenos
Pakellas
Vehumet

Shops:
D:5 *

Annotations:
D:4 Edmund


Message History

You hear some strange, mumbled words.
A puff of frost appears from out of thin air!
The puff of frost hits you!
* * * LOW HITPOINT WARNING * * *
Drink which item? (? for menu, Esc to quit)
You feel much better. Something hits you.
Evoke which item? (* to show all) (? for menu, Esc to quit)
Okay, then.
Something completely misses you. Something hits you.
A magic dart appears from out of thin air!
The magic dart hits you!
A magic dart appears from out of thin air!
The magic dart hits you!
* * * LOW HITPOINT WARNING * * *
An orc wizard appears from thin air!
Reactivating autopickup.
The orc wizard gestures at you while chanting.
The magic dart hits you!
You die...

......oo...................'.....
...........................#...##
....###o.....###...........#...##
....# #......###.................
....###o.....##..............####
......+......##...............).#
#.##.# #................## .# #
#...o####....#..... ..
#.@..'..+....#.####
###############....####....#..
...........................###.
#...##'##.............###### .#
..#.#...#.###...#####.#...# #
#.#.#...#.###.#.# #.#.#.#
###.#._.#.....#^# #.#.#.#
....###########.# #.###.# #####
#.# #.....#


You could see an orc wizard.

Vanquished Creatures
  An ice beast (D:5)
  2 phantoms
  3 crimson imps
  A jelly (D:4)
  An orc priest (D:5)
  3 orc wizards
  An iguana (D:4)
  2 worker ants (D:4)
  A worker ant zombie (D:3)
  2 gnolls (D:1)
  3 adders (D:4)
  An ooze (D:3)
  2 worms (D:2)
  5 dart slugs
  A giant gecko (D:1)
  16 orcs
  A ball python (D:3)
  5 giant cockroaches
  2 goblins
  4 hobgoblins
  6 jackals
  A quokka (D:2)
  12 bats
  A giant gecko skeleton (D:5)
  6 giant newts
  5 kobolds
  7 rats
95 creatures vanquished.

Notes
Turn   | Place    | Note
--------------------------------------------------------------
     0 | D:1      | Sargon the Deep Elf Conjurer began the quest for the Orb.
     0 | D:1      | Reached XP level 1. HP: 10/10 MP: 6/6
     1 | D:1      | Noticed an electric eel
   202 | D:1      | Reached XP level 2. HP: 15/15 MP: 5/8
   223 | D:1      | Reached skill level 5 in Conjurations
   242 | D:1      | Learned a level 2 spell: Searing Ray
   382 | D:1      | Reached XP level 3. HP: 19/19 MP: 5/9
  1070 | D:2      | Reached skill level 6 in Conjurations
  1181 | D:2      | Reached XP level 4. HP: 24/24 MP: 8/10
  1488 | D:2      | Found an oddly glowing altar of Pakellas.
  2400 | D:3      | Reached XP level 5. HP: 22/28 MP: 2/11
  2407 | D:3      | Learned a level 5 spell: Iskenderun's Battlesphere
  2514 | D:4      | Reached skill level 7 in Conjurations
  2598 | D:4      | Noticed Edmund
  2980 | D:5      | Entered Level 5 of the Dungeon
  3470 | D:4      | Reached skill level 8 in Conjurations
  3470 | D:4      | Reached XP level 6. HP: 29/32 MP: 7/12
  3555 | D:4      | Reached skill level 1 in Charms
  3824 | D:4      | Found a radiant altar of Vehumet.
  3832 | D:4      | Became a worshipper of Vehumet
  4061 | D:5      | Found a shadowy altar of Dithmenos.
  4098 | D:5      | Reached skill level 5 in Spellcasting
  4098 | D:5      | Reached XP level 7. HP: 19/36 MP: 3/17
  4472 | D:5      | Found Lextoagg's Assorted Antiques.
  4859 | D:5      | Killed from afar by an orc wizard

Vault maps used:
D:1:      arrival_aquarium_a
D:2:      grunt_pakellas_basics
D:3:      columned_hall_lemuel
D:4:      lemuel_coloured_pillars_altar, uniq_edmund
D:5:      lemuel_doored_altar, grunt_dithmenos_shadows, serial_shops,
          nicolae_shop_overgrown_old_shop, first_bread, uniq_blork_the_orc

Skill      XL: |  1  2  3  4  5  6  7 |
---------------+----------------------+-----
Conjurations   | 5 6 8 |  8.1
Charms         | 3 4 |  4.2
Spellcasting   | 5 6 |  6.7
Dodging        | |  2.5
Stealth        | |  2.4

Action                   |  1- 3 |  4- 6 |  7- 9 || total
-------------------------+-------+-------+-------++-------
 Cast: Magic Dart        |    72 |   163 |    47 ||   282
       Searing Ray       |     2 |       |     3 ||     5
Evoke: Wand              |       |       |     1 ||     1
  Use: Potion            |       |       |     5 ||     5
       Scroll            |       |       |     1 ||     1
  Eat: Chunk             |     1 |     8 |     1 ||    10
       Beef jerky        |       |       |     1 ||     1
